 Dungeon Crawl Stone Soup version 0.31-a0-675-g238779eb0a (webtiles) character file.

Game seed: 13800572179742317169

51564 qw the Marksgargoyle (level 14, -1/92 HPs)
             Began as a Gargoyle Hunter on Sept 5, 2023.
             Was a High Priest of Okawaru.
             Slain by a two-headed ogre
             ... wielding a +0 giant club
              (7 damage)
             ... on level 11 of the Dungeon.
             The game lasted 00:07:03 (14818 turns).

qw the Marksgargoyle (Gargoyle Hunter)             Turns: 14818, Time: 00:07:03

Health: -1/92      AC: 19    Str: 20    XL:     14   Next: 60%
Magic:  21/21      EV: 26    Int:  9    God:    Okawaru [*****.]
Gold:   964        SH:  0    Dex: 21    Spells: 13/13 levels left

rFire   . . .        Y - +4 longbow (freeze)
rCold   + . .        (shield currently unavailable)
rNeg    + . .        l - +2 leather armour {rC+}
rPois   inf          (helmet restricted)
rElec   +            (no cloak)
rCorr   .            o - +0 pair of gloves
SInv    +            h - +0 pair of boots of the Bard {Dex+5}
Will    +....        d - amulet of Xom's Best Wishes {Faith Stlth+}
Stlth   ++++         b - +5 ring of evasion
HPRegen 0.35/turn    n - ring of see invisible
MPRegen 0.17/turn

%: faith
@: about to teleport, heroic, flying
A: sickness immunity, AC +10, big wings, negative energy resistance 1,
electricity resistance, torment resistance 1, petrification resistance, antennae
1, strong 1, MP-powered wands
a: Renounce Religion, Heroism, Finesse, Duel


You were on level 11 of the Dungeon.
You worshipped Okawaru.
Okawaru was extremely pleased with you.
You visited 2 branches of the dungeon, and saw 16 of its levels.

You collected 1265 gold pieces.
You spent 301 gold pieces at shops.


Innate Abilities, Weirdness & Mutations

You are immune to sickness and miasma.
Your stone body is resilient. (AC +10)
You are immune to poison.
Your large and strong wings let you fly.
You resist negative energy. (rN+)
You are resistant to electric shocks. (rElec)
You are resistant to unholy torment.
You are immune to petrification.
You have a pair of small antennae on your head.
Your muscles are strong. (Str +4, Int/Dex -1)
You expend magic power (3 MP) to strengthen your wands.


   Skills:
 - Level 12.0(17.0) Fighting
 - Level 19.0(24.0) Ranged Weapons
 - Level 4.0(9.0) Armour
 + Level 7.3(12.3) Dodging
 - Level 1.1(6.1) Stealth
 - Level 10.0 Invocations


You had 13 spell levels left.
You didn't know any spells.
Your spell library was empty.

Inventory:

Hand Weapons
 Y - a +4 longbow of freezing (weapon)
Armour
 h - the +0 pair of boots of the Bard (worn) {Dex+5}
   (Okawaru gifted it to you on level 10 of the Dungeon)

   Dex+5:     It affects your dexterity (+5).
 l - a +2 leather armour of cold resistance (worn)
 o - a +0 pair of gloves (worn)
 p - a +0 leather armour of fire resistance
 t - a scarf of shadows
Jewellery
 a - a ring of positive energy
 b - a +5 ring of evasion (left hand)
 d - the amulet of Xom's Best Wishes (around neck) {Faith Stlth+}
   (You found it on level 9 of the Dungeon)

   [amulet of faith]

   Faith:     It allows you to gain divine favour quickly.
   Stlth+:    It makes you more stealthy.
 k - a ring of protection from cold
 n - a ring of see invisible (right hand)
Wands
 c - a wand of digging (5)
Scrolls
 j - 6 scrolls of identify
Potions
 e - 4 potions of heal wounds
 f - a potion of resistance
 g - 3 potions of might
 i - 3 potions of mutation
 q - a potion of cancellation
 r - a potion of invisibility {unknown}
 s - a potion of haste

Dungeon Overview and Level Annotations

Branches:
Dungeon (11/15)            Temple (0/1) D:5            Lair (5/5) D:10
 Shoals (0/4) Lair:2       Spider (0/4) Lair:3        Slime (0/5) Lair:5
    Orc (0/2) D:11

Altars:
Dithmenos
Elyvilon
Fedhas
Hepliaklqana
Makhleb
Okawaru
Qazlal
Sif Muna
Trog
Uskayaw
Vehumet
Xom
Yredelemnul
Zin
The Shining One
Jiyva
Lugonu

Shops:
D:3 *   D:5 =   D:6 :

Portals:
Abyss: Lair:5

Annotations:
D:4 2 runed translucent doors, qw's ghost, amateur GrHu
D:6 1 runed translucent door, qw's ghost, novice GrHu


Message History

The arrow freezes the ogre mage.
The ogre mage is lightly wounded.
You shoot an arrow. The arrow hits the ogre mage!
The arrow freezes the ogre mage.
The ogre mage is moderately wounded.
You hear a shout!
You shoot an arrow. The arrow hits the ogre mage!
The arrow freezes the ogre mage.
The ogre mage is heavily wounded.
An ogre comes into view. It is wielding a +0 giant club.
The ogre mage misses you.
You shoot an arrow. The arrow hits the ogre mage!
The arrow freezes the ogre mage.
The ogre mage is severely wounded.
You shoot an arrow. The arrow hits the ogre mage.
The arrow freezes the ogre mage.
The ogre mage is almost dead.
The ogre mage hits you with a +0 whip!
You shoot an arrow. The arrow hits the ogre mage!!
The arrow freezes the ogre mage.
You kill the ogre mage!
Okawaru accepts your kill. Okawaru grants you armour!
Something appears at your feet!
You see here a +1 pair of gloves of strength.
You shoot an arrow. The arrow hits the ogre!!
The arrow freezes the ogre.
You kill the ogre!
Okawaru accepts your kill.
You shoot an arrow. The arrow hits the two-headed ogre.
The arrow freezes the two-headed ogre.
The two-headed ogre is moderately wounded.
You shoot an arrow. The arrow hits the two-headed ogre!!
The arrow freezes the two-headed ogre.
The two-headed ogre is almost dead.
The two-headed ogre hits you with a +0 giant club!!
The two-headed ogre completely misses you.
14818 ||| READING scroll of teleportation.
As you read the scroll of teleportation, it crumbles to dust.
You feel strangely unstable.
The two-headed ogre hits you with a +0 giant club!
You die...

#####.#######.......###.....##.##
..............#####.# #....###.#
#####.#######.# #[###.#### #.#
#.# #.# #.....# #.# ... #.#
####### #.# .... #.# #.# ####..
##.# ############.#
#...##...####............#
#.>....OO@...############
####..O###### ##.# #. O ##


You could see 2 two-headed ogres and an ogre.

Vanquished Creatures
  2 hydras
  An ogre mage (D:11)
  2 boulder beetles (Lair:3)
  7 two-headed ogres
  2 thrashing horrors (Lair:5)
  A skyshark (Lair:4)
  A pharaoh ant (Lair:3)
  Pikel (D:4)
  3 oklob plants
  4 ugly things (Lair:5)
  A large abomination (Lair:5)
  A merfolk siren (Lair:2)
  7 black mambas
  6 cane toads
  A smoke demon (Lair:5)
  A gargoyle (D:9)
  A rime drake (shapeshifter) (Lair:5)
  13 komodo dragons
  2 rime drakes
  A queen bee (D:10)
  4 tarantellas (Lair:3)
  A polar bear (Lair:4)
  A raiju (Lair:5)
  16 dream sheep
  15 blink frogs
  2 shadows
  A vampire (D:11)
  A ynoxinul (Lair:5)
  6 wyverns
  Eustachio (D:5)
  88 yaks
  4 fire bats (Lair:3)
  A wraith (D:10)
  4 basilisks
  A chaos spawn (Lair:5)
  Menkaure (D:4)
  7 small abominations (Lair:5)
  4 vampire mosquitoes (D:10)
  9 water moccasins
  An ice beast (shapeshifter) (Lair:5)
  An ice beast (D:5)
  3 orc warriors
  4 black bears
  A black bear (shapeshifter) (Lair:5)
  2 sky beasts
  3 ogres
  2 centaurs (D:9)
  7 wolves (Lair:1)
  3 lemures (D:4)
  Blork the orc (D:4)
  A kobold brigand (D:8)
  8 bullfrogs
  A scorpion (D:4)
  5 wights (D:4)
  23 killer bees
  4 howler monkeys
  A lava snake (Lair:3)
  3 hounds
  5 orc priests
  10 iguanas (Lair:1)
  2 sleepcaps
  Ijyb (D:5)
  13 orc wizards
  4 gnolls (D:7)
  6 adders
  3 shadow imps
  A white imp (D:8)
  2 dart slugs
  26 orcs
  4 ball pythons
  4 bats
  6 endoplasms
  5 giant cockroaches
  4 goblins
  9 hobgoblins
  16 kobolds
  9 quokkas
  2 frilled lizards
  6 rats
437 creatures vanquished.

Vanquished Creatures (others)
  An orc wizard (D:9)
1 creature vanquished.

Grand Total: 438 creatures vanquished

Notes
Turn   | Place    | Note
-------+----------+-------------------------------------------
     0 | D:1      | qw the Gargoyle Hunter began the quest for the Orb.
     0 | D:1      | Reached XP level 1. HP: 12/12 MP: 1/1
     0 | D:1      | 0 ||| qw: Version: 0.3-a-75-g829b12e
     0 | D:1      | 0 ||| qw: Game counter: 145
     0 | D:1      | 0 ||| qw: Melee chars always use a shield: true
     0 | D:1      | 0 ||| qw: God list: Okawaru
     0 | D:1      | 0 ||| qw: Allow faded altars: false
     0 | D:1      | 0 ||| qw: Do Orc after clearing Dungeon:15 true
     0 | D:1      | 0 ||| qw: Do second Lair branch before Depths: true
     0 | D:1      | 0 ||| qw: Lair rune preference: random
     0 | D:1      | 0 ||| qw: Goals: Normal
     0 | D:1      | 0 ||| PLANNING D:1-11
    85 | D:1      | Reached XP level 2. HP: 17/17 MP: 2/2
   800 | D:1      | 800 ||| READING scroll labelled TYICUPNELO.
   801 | D:1      | 801 ||| READING scroll labelled GIKKIEMPEI.
   802 | D:1      | 802 ||| READING scroll labelled EFIHOO VYRR.
   803 | D:1      | 803 ||| READING scroll labelled GUARPH YMUSOTEU.
   804 | D:1      | 804 ||| READING scroll labelled ITUEZA CADDUMA.
   816 | D:1      | 816 ||| DROPPING scroll of butterflies.
   903 | D:2      | Reached XP level 3. HP: 21/21 MP: 3/3
   958 | D:2      | Reached skill level 5 in Ranged Weapons
  1070 | D:2      | Reached skill level 3 in Fighting
  1359 | D:2      | Reached XP level 4. HP: 28/28 MP: 4/4
  1395 | D:2      | 1395 ||| UPGRADING to +5 ring of evasion.
  1396 | D:2      | 1396 ||| READING scroll labelled ZAUCUX APTA.
  1656 | D:3      | Found an iron altar of Okawaru.
  1657 | D:3      | 1657 ||| PLANNING OKAWARU WORSHIP
  1657 | D:3      | 1657 ||| UPGRADING to +0 ring mail.
  1667 | D:3      | 1667 ||| DROPPING +0 leather armour.
  1668 | D:3      | 1668 ||| READING scroll labelled FIEQECWELAH.
  1669 | D:3      | Found a basalt altar of Yredelemnul.
  1669 | D:3      | Found a shimmering blue altar of Sif Muna.
  1670 | D:3      | Found a glowing golden altar of the Shining One.
  1671 | D:3      | Found a shadowy altar of Dithmenos.
  1674 | D:3      | Became a worshipper of Warmaster Okawaru
  1675 | D:3      | 1675 ||| PLANNING D:1-11
  1800 | D:3      | Found Ockecihu's Assorted Antiques.
  1808 | D:3      | 1808 ||| BUYING helmet (121 gold).
  1808 | D:3      | Bought a helmet for 121 gold pieces
  1808 | D:3      | 1808 ||| SHOPLISTING scroll labelled BAFEBO QUROM (27 gold,
                  | have 21).
  1808 | D:3      | 1808 ||| SHOPLISTING scroll of identify (54 gold, have 21).
  2364 | D:3      | 2364 ||| UPGRADING to +0 helmet.
  2369 | D:3      | 2369 ||| DROPPING +6 ring of intelligence.
  2370 | D:3      | 2370 ||| READING 4 scrolls labelled BUN GEIQ FUU.
  2371 | D:3      | 2371 ||| DRINKING 2 lumpy black potions.
  2372 | D:3      | 2372 ||| DROPPING 3 scrolls of poison.
  2431 | D:4      | 2431 ||| PLANNING SEWER
  2437 | D:4      | Reached skill level 1 in Armour
  2439 | D:4      | Found a runed translucent door.
  2465 | D:4      | Found a runed translucent door.
  2471 | D:4      | Noticed an ogre
  2478 | D:4      | Killed an ogre
  2479 | D:4      | Reached skill level 6 in Ranged Weapons
  2479 | D:4      | Reached XP level 5. HP: 32/32 MP: 5/5
  2499 | D:4      | Noticed a water moccasin
  2516 | D:4      | Killed a water moccasin
  2516 | D:4      | Reached * piety under Okawaru
  2517 | D:4      | Reached XP level 6. HP: 30/39 MP: 6/6
  2564 | D:4      | Noticed Menkaure
  2565 | D:4      | 2565 ||| INVOKING Heroism.
  2566 | D:4      | 2566 ||| RETREATING.
  2575 | D:4      | Killed Menkaure
  2576 | D:4      | Reached skill level 1 in Invocations
  2752 | D:4      | Reached XP level 7. HP: 43/44 MP: 8/8
  2810 | D:4      | Noticed Blork the orc
  2811 | D:4      | 2811 ||| INVOKING Heroism.
  2818 | D:4      | Killed Blork the orc
  2819 | D:4      | Reached skill level 7 in Ranged Weapons
  2848 | D:4      | 2848 ||| READING scroll of enchant weapon.
  2848 | D:4      | 2848 ||| ENCHANTING +1 shortbow of draining.
  2856 | D:4      | Reached skill level 3 in Invocations
  2905 | D:4      | 2905 ||| RETREATING.
  2930 | D:4      | Noticed Pikel
  2931 | D:4      | 2931 ||| INVOKING Heroism.
  2935 | D:4      | 2935 ||| RETREATING.
  2939 | D:4      | Killed Pikel
  2939 | D:4      | Reached ** piety under Okawaru
  2940 | D:4      | Reached skill level 8 in Ranged Weapons
  2940 | D:4      | Reached XP level 8. HP: 48/48 MP: 7/10
  3027 | D:4      | 3027 ||| RETREATING.
  3034 | D:4      | 3034 ||| INVOKING Heroism.
  3036 | D:4      | HP: 8/48 [wight/+0 halberd (7)]
  3041 | D:4      | 3041 ||| Stepping ~*~*~tactically~*~*~ (outnumbered).
  3045 | D:4      | 3045 ||| Stepping ~*~*~tactically~*~*~ (outnumbered).
  3052 | D:4      | HP: 10/49 [wight/+3 war axe (2)]
  3057 | D:4      | 3057 ||| INVOKING Heroism.
  3058 | D:4      | HP: 8/49 [wight/+3 spear (1)]
  3141 | D:4      | 3141 ||| RIP SEWER
  3207 | D:4      | 3207 ||| PLANNING D:1-11
  3321 | D:4      | Noticed qw's ghost (amateur GrHu)
  3474 | D:4      | 3474 ||| UPGRADING to +0 robe of fire resistance.
  3484 | D:4      | 3484 ||| READING scroll labelled YPPE SE JOHU.
  3485 | D:4      | 3485 ||| READING scroll labelled CAMPANN LUMYEF.
  3485 | D:4      | Identified a scroll of acquirement
  3485 | D:4      | 3485 ||| ACQUIRING +4 longbow of freezing
  3485 | D:4      | Acquired a +4 longbow of freezing
  3487 | D:4      | 3487 ||| SWAPPING to +4 longbow of freezing.
  3488 | D:4      | 3488 ||| DROPPING +2 shortbow of draining.
  3489 | D:4      | 3489 ||| DRINKING 2 inky potions.
  3489 | D:4      | Gained mutation: You have a pair of small antennae on your
                  | head. [potion of mutation]
  3489 | D:4      | Gained mutation: You expend magic power (3 MP) to
                  | strengthen your wands. [potion of mutation]
  3489 | D:4      | Gained mutation: Your muscles are strong. (Str +4, Int/Dex
                  | -1) [potion of mutation]
  3490 | D:4      | 3490 ||| DROPPING +0 helmet.
  3491 | D:4      | 3491 ||| DRINKING 2 sedimented white potions.
  3540 | D:4      | 3540 ||| READING 2 scrolls of identify.
  3540 | D:4      | 3540 ||| IDENTIFYING murky black potion
  3541 | D:4      | 3541 ||| DROPPING potion of ambrosia.
  3542 | D:4      | 3542 ||| DROPPING potion of lignification.
  3550 | D:5      | Entered Level 5 of the Dungeon
  3611 | D:5      | Found a staircase to the Ecumenical Temple.
  3678 | D:5      | Noticed Ijyb
  3679 | D:5      | 3679 ||| INVOKING Heroism.
  3681 | D:5      | Killed Ijyb
  3794 | D:5      | Noticed Eustachio
  3795 | D:5      | 3795 ||| INVOKING Heroism.
  3801 | D:5      | Killed Eustachio
  3802 | D:5      | Reached skill level 9 in Ranged Weapons
  3818 | D:5      | Found Duckosocint's Jewellery Emporium.
  3823 | D:5      | 3823 ||| SHOPLISTING ring of fire (300 gold, have 209).
  3823 | D:5      | 3823 ||| SHOPLISTING ring of positive energy (240 gold,
                  | have 209).
  3823 | D:5      | 3823 ||| SHOPLISTING ring of protection from fire (300
                  | gold, have 209).
  3823 | D:5      | 3823 ||| SHOPLISTING ring of resist corrosion (240 gold,
                  | have 209).
  3823 | D:5      | 3823 ||| BUYING ring of see invisible (180 gold).
  3823 | D:5      | Bought a ring of see invisible for 180 gold pieces
  3887 | D:5      | 3887 ||| INVOKING Heroism.
  3936 | D:5      | 3936 ||| DROPPING +0 ring mail.
  3937 | D:5      | 3937 ||| UPGRADING to +2 leather armour of cold resistance.
  3947 | D:5      | 3947 ||| DROPPING ring of flight.
  3948 | D:5      | 3948 ||| UPGRADING to ring of see invisible.
  3949 | D:5      | 3949 ||| READING 2 scrolls of identify.
  3949 | D:5      | 3949 ||| IDENTIFYING fuming brown potion
  3950 | D:5      | 3950 ||| DROPPING potion of berserk rage.
  3974 | D:6      | Reached XP level 9. HP: 55/55 MP: 12/12
  3987 | D:6      | Reached skill level 6 in Fighting
  3992 | D:6      | 3992 ||| Stepping ~*~*~tactically~*~*~ (retreating).
  3993 | D:6      | 3993 ||| Stepping ~*~*~tactically~*~*~ (retreating).
  3994 | D:6      | 3994 ||| INVOKING Heroism.
  4252 | D:6      | Found a hazy altar of Hepliaklqana.
  4252 | D:6      | Found a bloodstained altar of Trog.
  4380 | D:6      | 4380 ||| INVOKING Heroism.
  4384 | D:6      | Reached skill level 10 in Ranged Weapons
  4392 | D:6      | 4392 ||| DRINKING 2 potions of curing.
  4392 | D:6      | 4392 ||| (to cure confusion)
  4400 | D:6      | Reached skill level 3 in Dodging
  4442 | D:6      | Noticed an angel
  4443 | D:6      | Found a glowing silver altar of Zin.
  4447 | D:6      | Found a shimmering altar of Xom.
  4455 | D:6      | Found a radiant altar of Vehumet.
  4457 | D:6      | 4457 ||| INVOKING Heroism.
  4474 | D:6      | Found a hide-covered altar of Uskayaw.
  4503 | D:6      | Found Zughag's Book Emporium.
  4624 | D:6      | Found a runed translucent door.
  4624 | D:6      | Found a shimmering altar of Xom.
  4624 | D:6      | Noticed qw's ghost (novice GrHu)
  4624 | D:6      | Noticed a +1 short sword of chaos
  4886 | D:6      | Identified the +4 dagger of Noon {elec, *Noise MP+9 SInv}
  4931 | D:6      | 4931 ||| READING 2 scrolls of identify.
  4931 | D:6      | 4931 ||| IDENTIFYING smoky black potion
  4980 | D:7      | Identified the +0 mace "Ugyiga" {venom, Dex+3 SInv}
  5008 | D:7      | Reached skill level 11 in Ranged Weapons
  5068 | D:7      | 5068 ||| Stepping ~*~*~tactically~*~*~ (outnumbered).
  5070 | D:7      | Reached XP level 10. HP: 64/64 MP: 13/13
  5071 | D:7      | 5071 ||| Stepping ~*~*~tactically~*~*~ (outnumbered).
  5073 | D:7      | 5073 ||| Stepping ~*~*~tactically~*~*~ (outnumbered).
  5075 | D:7      | Reached *** piety under Okawaru
  5167 | D:7      | 5167 ||| Stepping ~*~*~tactically~*~*~ (outnumbered).
  5169 | D:7      | 5169 ||| Stepping ~*~*~tactically~*~*~ (outnumbered).
  5171 | D:7      | 5171 ||| Stepping ~*~*~tactically~*~*~ (outnumbered).
  5176 | D:7      | 5176 ||| Stepping ~*~*~tactically~*~*~ (outnumbered).
  5705 | D:7      | 5705 ||| DROPPING ring of ice.
  5706 | D:7      | 5706 ||| READING 2 scrolls of identify.
  5706 | D:7      | 5706 ||| IDENTIFYING emerald potion
  5819 | D:8      | Found a stormy altar of Qazlal.
  5918 | D:8      | 5918 ||| Stepping ~*~*~tactically~*~*~ (outnumbered).
  5921 | D:8      | 5921 ||| INVOKING Heroism.
  6083 | D:8      | 6083 ||| RETREATING.
  6088 | D:8      | Reached skill level 12 in Ranged Weapons
  6136 | D:8      | Noticed a two-headed ogre
  6137 | D:8      | 6137 ||| INVOKING Heroism.
  6146 | D:8      | Killed a two-headed ogre
  6265 | D:8      | 6265 ||| RETREATING.
  6270 | D:8      | 6270 ||| Stepping ~*~*~tactically~*~*~ (retreating).
  6271 | D:8      | 6271 ||| Stepping ~*~*~tactically~*~*~ (retreating).
  6272 | D:8      | 6272 ||| Stepping ~*~*~tactically~*~*~ (retreating).
  6273 | D:8      | 6273 ||| Stepping ~*~*~tactically~*~*~ (retreating).
  6274 | D:8      | 6274 ||| Stepping ~*~*~tactically~*~*~ (retreating).
  6275 | D:8      | 6275 ||| Stepping ~*~*~tactically~*~*~ (retreating).
  6276 | D:8      | 6276 ||| Stepping ~*~*~tactically~*~*~ (retreating).
  6277 | D:8      | 6277 ||| Stepping ~*~*~tactically~*~*~ (retreating).
  6283 | D:8      | 6283 ||| INVOKING Heroism.
  6301 | D:8      | Reached skill level 13 in Ranged Weapons
  6652 | D:8      | 6652 ||| Stepping ~*~*~tactically~*~*~ (outnumbered).
  6656 | D:8      | 6656 ||| Stepping ~*~*~tactically~*~*~ (outnumbered).
  6658 | D:8      | 6658 ||| Stepping ~*~*~tactically~*~*~ (outnumbered).
  6662 | D:8      | 6662 ||| Stepping ~*~*~tactically~*~*~ (outnumbered).
  6716 | D:8      | 6716 ||| DROPPING +0 robe of fire resistance.
  6717 | D:8      | 6717 ||| READING scroll labelled CYLIFRY RESE.
  6818 | D:8      | 6818 ||| READING scroll labelled NUUMIN ROYH.
  6899 | D:9      | 6899 ||| RETREATING.
  6901 | D:9      | 6901 ||| Stepping ~*~*~tactically~*~*~ (retreating).
  6902 | D:9      | 6902 ||| Stepping ~*~*~tactically~*~*~ (retreating).
  6903 | D:9      | 6903 ||| Stepping ~*~*~tactically~*~*~ (retreating).
  6910 | D:9      | Reached **** piety under Okawaru
  6911 | D:9      | Reached skill level 9 in Fighting
  6954 | D:9      | Noticed a gargoyle
  6955 | D:9      | 6955 ||| RETREATING.
  6960 | D:9      | 6960 ||| Stepping ~*~*~tactically~*~*~ (retreating).
  6961 | D:9      | 6961 ||| Stepping ~*~*~tactically~*~*~ (retreating).
  6963 | D:9      | 6963 ||| Stepping ~*~*~tactically~*~*~ (retreating).
  6968 | D:9      | Reached XP level 11. HP: 63/71 MP: 14/14
  6973 | D:9      | 6973 ||| INVOKING Heroism.
  7121 | D:9      | Reached ***** piety under Okawaru
  7122 | D:9      | Reached skill level 6 in Invocations
  7123 | D:9      | 7123 ||| RETREATING.
  7128 | D:9      | 7128 ||| Stepping ~*~*~tactically~*~*~ (retreating).
  7140 | D:9      | 7140 ||| RETREATING.
  7278 | D:9      | Found a white marble altar of Elyvilon.
  7281 | D:9      | 7281 ||| RETREATING.
  7283 | D:9      | 7283 ||| Stepping ~*~*~tactically~*~*~ (retreating).
  7284 | D:9      | 7284 ||| Stepping ~*~*~tactically~*~*~ (retreating).
  7292 | D:9      | 7292 ||| INVOKING Heroism.
  7295 | D:9      | 7295 ||| DRINKING potion of curing.
  7295 | D:9      | 7295 ||| (to cure confusion)
  7349 | D:9      | Identified the amulet of Xom's Best Wishes {Faith Stlth+}
  7604 | D:9      | 7604 ||| UPGRADING to amulet of Xom's Best Wishes {Faith
                  | Stlth+}.
  7609 | D:9      | 7609 ||| DRINKING 2 smoky cyan potions.
  7610 | D:9      | 7610 ||| READING 2 scrolls of identify.
  7610 | D:9      | 7610 ||| IDENTIFYING puce potion
  7611 | D:9      | 7611 ||| DROPPING potion of brilliance.
  7633 | D:10     | Entered Level 10 of the Dungeon
  7697 | D:10     | Identified the +10 arbalest of Doubt {penet, rCorr}
                  | (Okawaru gifted it to you on level 10 of the Dungeon)
  7697 | D:10     | Received a gift from Okawaru
  7719 | D:10     | 7719 ||| RETREATING.
  7732 | D:10     | Reached skill level 14 in Ranged Weapons
  7928 | D:10     | Found a staircase to the Lair.
  7962 | D:10     | 7962 ||| INVOKING Heroism.
  8022 | D:10     | 8022 ||| RETREATING.
  8150 | D:10     | 8150 ||| INVOKING Heroism.
  8176 | D:10     | Noticed a two-headed ogre
  8183 | D:10     | Killed a two-headed ogre
  8184 | D:10     | Reached skill level 9 in Invocations
  8184 | D:10     | Reached XP level 12. HP: 64/77 MP: 18/18
  8203 | D:10     | Identified the +0 pair of boots of the Bard {Dex+5}
                  | (Okawaru gifted it to you on level 10 of the Dungeon)
  8203 | D:10     | Received a gift from Okawaru
  8448 | D:10     | 8448 ||| PLANNING LAIR
  8448 | D:10     | 8448 ||| UPGRADING to +0 pair of boots of the Bard {Dex+5}.
  8458 | Lair:1   | Entered Level 1 of the Lair of Beasts
  8527 | Lair:1   | 8527 ||| INVOKING Heroism.
  8578 | Lair:1   | 8578 ||| RETREATING.
  8583 | Lair:1   | 8583 ||| RETREATING.
  8585 | Lair:1   | 8585 ||| Stepping ~*~*~tactically~*~*~ (retreating).
  8586 | Lair:1   | 8586 ||| INVOKING Heroism.
  8593 | Lair:1   | 8593 ||| Stepping ~*~*~tactically~*~*~ (retreating).
  8594 | Lair:1   | 8594 ||| Stepping ~*~*~tactically~*~*~ (retreating).
  8595 | Lair:1   | 8595 ||| Stepping ~*~*~tactically~*~*~ (retreating).
  8778 | Lair:1   | 8778 ||| INVOKING Heroism.
  8953 | Lair:1   | 8953 ||| INVOKING Heroism.
  8959 | Lair:1   | 8959 ||| RETREATING.
  8961 | Lair:1   | 8961 ||| Stepping ~*~*~tactically~*~*~ (retreating).
  8962 | Lair:1   | 8962 ||| Stepping ~*~*~tactically~*~*~ (retreating).
  8963 | Lair:1   | 8963 ||| Stepping ~*~*~tactically~*~*~ (retreating).
  8965 | Lair:1   | 8965 ||| Stepping ~*~*~tactically~*~*~ (retreating).
  9038 | Lair:1   | 9038 ||| RETREATING.
  9043 | Lair:1   | 9043 ||| Stepping ~*~*~tactically~*~*~ (retreating).
  9044 | Lair:1   | 9044 ||| Stepping ~*~*~tactically~*~*~ (retreating).
  9045 | Lair:1   | 9045 ||| Stepping ~*~*~tactically~*~*~ (retreating).
  9046 | Lair:1   | 9046 ||| Stepping ~*~*~tactically~*~*~ (retreating).
  9047 | Lair:1   | 9047 ||| Stepping ~*~*~tactically~*~*~ (retreating).
  9058 | Lair:1   | 9058 ||| Stepping ~*~*~tactically~*~*~ (retreating).
  9218 | Lair:1   | Identified the +4 flail "Temeofet" {antimagic, rC+}
  9226 | Lair:1   | Reached skill level 15 in Ranged Weapons
  9365 | Lair:1   | 9365 ||| INVOKING Heroism.
  9583 | Lair:1   | 9583 ||| INVOKING Heroism.
  9625 | Lair:1   | 9625 ||| RETREATING.
  9627 | Lair:1   | 9627 ||| Stepping ~*~*~tactically~*~*~ (retreating).
  9628 | Lair:1   | 9628 ||| Stepping ~*~*~tactically~*~*~ (retreating).
  9629 | Lair:1   | 9629 ||| Stepping ~*~*~tactically~*~*~ (retreating).
  9632 | Lair:1   | Reached skill level 6 in Dodging
  9633 | Lair:1   | Received a gift from Okawaru
  9637 | Lair:1   | 9637 ||| INVOKING Heroism.
 10018 | Lair:1   | 10018 ||| READING scroll labelled VUAHIRR VEPU.
 10142 | Lair:2   | 10142 ||| INVOKING Heroism.
 10310 | Lair:2   | 10310 ||| RETREATING.
 10502 | Lair:2   | Found a blossoming altar of Fedhas.
 10505 | Lair:2   | 10505 ||| INVOKING Heroism.
 10506 | Lair:2   | 10506 ||| INVOKING Finesse.
 10551 | Lair:2   | 10551 ||| INVOKING Heroism.
 10552 | Lair:2   | 10552 ||| INVOKING Finesse.
 10556 | Lair:2   | Reached skill level 16 in Ranged Weapons
 10556 | Lair:2   | Reached XP level 13. HP: 82/82 MP: 12/20
 10639 | Lair:2   | Found a staircase to the Shoals.
 10696 | Lair:2   | 10696 ||| INVOKING Heroism.
 10742 | Lair:2   | Reached skill level 3 in Armour
 10750 | Lair:2   | Found a burning altar of Makhleb.
 10878 | Lair:2   | 10878 ||| RETREATING.
 10880 | Lair:2   | 10880 ||| INVOKING Heroism.
 10883 | Lair:2   | 10883 ||| RETREATING.
 10885 | Lair:2   | 10885 ||| Stepping ~*~*~tactically~*~*~ (retreating).
 10886 | Lair:2   | 10886 ||| Stepping ~*~*~tactically~*~*~ (retreating).
 10887 | Lair:2   | 10887 ||| Stepping ~*~*~tactically~*~*~ (retreating).
 11094 | Lair:2   | 11094 ||| READING 2 scrolls of identify.
 11094 | Lair:2   | 11094 ||| IDENTIFYING yellow potion
 11128 | Lair:3   | 11128 ||| INVOKING Heroism.
 11139 | Lair:3   | Identified the +3 kite shield "Tucuiheing" {Rampage rC-
                  | Will+ Str+2} (Okawaru gifted it to you on level 3 of the
                  | Lair of Beasts)
 11139 | Lair:3   | Received a gift from Okawaru
 11185 | Lair:3   | 11185 ||| RETREATING.
 11186 | Lair:3   | 11186 ||| Stepping ~*~*~tactically~*~*~ (retreating).
 11186 | Lair:3   | Found a hole to the Spider Nest.
 11187 | Lair:3   | 11187 ||| Stepping ~*~*~tactically~*~*~ (retreating).
 11188 | Lair:3   | 11188 ||| Stepping ~*~*~tactically~*~*~ (retreating).
 11189 | Lair:3   | 11189 ||| Stepping ~*~*~tactically~*~*~ (retreating).
 11197 | Lair:3   | 11197 ||| INVOKING Heroism.
 11198 | Lair:3   | 11198 ||| INVOKING Finesse.
 11317 | Lair:3   | 11317 ||| RETREATING.
 11325 | Lair:3   | 11325 ||| Stepping ~*~*~tactically~*~*~ (retreating).
 11326 | Lair:3   | 11326 ||| Stepping ~*~*~tactically~*~*~ (retreating).
 11327 | Lair:3   | 11327 ||| Stepping ~*~*~tactically~*~*~ (retreating).
 11333 | Lair:3   | 11333 ||| RETREATING.
 11401 | Lair:3   | Identified the +1 short sword of Terror {drain, rPois Will+
                  | Dex-3}
 11451 | Lair:3   | 11451 ||| RETREATING.
 11497 | Lair:3   | 11497 ||| INVOKING Heroism.
 11528 | Lair:3   | 11528 ||| RETREATING.
 11539 | Lair:3   | Reached skill level 17 in Ranged Weapons
 11581 | Lair:3   | 11581 ||| RETREATING.
 11850 | Lair:3   | 11850 ||| INVOKING Heroism.
 11851 | Lair:3   | 11851 ||| INVOKING Finesse.
 12049 | Lair:3   | 12049 ||| READING 2 scrolls labelled YKLO QUSOME.
 12050 | Lair:3   | 12050 ||| READING scroll labelled VEOSTE XITS.
 12051 | Lair:3   | 12051 ||| DROPPING scroll of immolation.
 12150 | Lair:4   | 12150 ||| RETREATING.
 12208 | Lair:4   | 12208 ||| RETREATING.
 12228 | Lair:4   | 12228 ||| FLEEEEING.
 12230 | Lair:4   | 12230 ||| FLEEEEING.
 12231 | Lair:4   | 12231 ||| FLEEEEING.
 12232 | Lair:4   | 12232 ||| FLEEEEING.
 12235 | Lair:4   | 12235 ||| FLEEEEING.
 12236 | Lair:4   | 12236 ||| FLEEEEING.
 12237 | Lair:4   | 12237 ||| FLEEEEING.
 12238 | Lair:4   | 12238 ||| FLEEEEING.
 12240 | Lair:4   | 12240 ||| FLEEEEING.
 12241 | Lair:4   | 12241 ||| FLEEEEING.
 12242 | Lair:4   | 12242 ||| FLEEEEING.
 12243 | Lair:4   | 12243 ||| FLEEEEING.
 12244 | Lair:4   | 12244 ||| FLEEEEING.
 12245 | Lair:4   | 12245 ||| FLEEEEING.
 12246 | Lair:4   | 12246 ||| FLEEEEING.
 12247 | Lair:4   | 12247 ||| FLEEEEING.
 12248 | Lair:4   | 12248 ||| FLEEEEING.
 12249 | Lair:4   | 12249 ||| STAIRDANCE
 12340 | Lair:4   | Received a gift from Okawaru
 12414 | Lair:4   | Found a radiant altar of Vehumet.
 12451 | Lair:4   | 12451 ||| INVOKING Heroism.
 12495 | Lair:4   | 12495 ||| DROPPING ring of magical power.
 12553 | Lair:4   | 12553 ||| INVOKING Heroism.
 12686 | Lair:4   | Reached skill level 18 in Ranged Weapons
 12686 | Lair:4   | Gained mutation: Your large and strong wings let you fly.
                  | [Gargoyle growth]
 12686 | Lair:4   | Reached XP level 14. HP: 90/90 MP: 21/21
 12906 | Lair:4   | 12906 ||| UPGRADING to +0 pair of gloves.
 12911 | Lair:4   | 12911 ||| READING 2 scrolls of identify.
 12911 | Lair:4   | 12911 ||| IDENTIFYING bubbling ruby potion
 12930 | Lair:5   | Entered Level 5 of the Lair of Beasts
 13065 | Lair:5   | 13065 ||| Stepping ~*~*~tactically~*~*~ (retreating).
 13066 | Lair:5   | 13066 ||| RETREATING.
 13158 | Lair:5   | Found a viscous altar of Jiyva.
 13159 | Lair:5   | Found a staircase to the Slime Pits.
 13247 | Lair:5   | Identified the +0 robe "Bucuilam" {rElec rCorr}
 13249 | Lair:5   | 13249 ||| RETREATING.
 13265 | Lair:5   | Reached skill level 12 in Fighting
 13444 | Lair:5   | Found a corrupted altar of Lugonu.
 13444 | Lair:5   | Found a one-way gate to the infinite horrors of the Abyss.
 13494 | Lair:5   | 13494 ||| INVOKING Heroism.
 13495 | Lair:5   | 13495 ||| INVOKING Finesse.
 13557 | Lair:5   | Received a gift from Okawaru
 14175 | Lair:5   | 14175 ||| PLANNING D:1-11
 14175 | Lair:5   | 14175 ||| DROPPING +0 robe "Bucuilam" {rElec rCorr}.
 14176 | Lair:5   | 14176 ||| DROPPING ring of wizardry.
 14417 | D:11     | Found a staircase to the Orcish Mines.
 14575 | D:11     | 14575 ||| Stepping ~*~*~tactically~*~*~ (outnumbered).
 14791 | D:11     | 14791 ||| Stepping ~*~*~tactically~*~*~ (retreating).
 14796 | D:11     | 14796 ||| INVOKING Heroism.
 14798 | D:11     | Reached skill level 19 in Ranged Weapons
 14814 | D:11     | Received a gift from Okawaru
 14817 | D:11     | HP: 6/92 [two-headed ogre/+0 giant club (20)]
 14818 | D:11     | 14818 ||| READING scroll of teleportation.
 14818 | D:11     | Slain by a two-headed ogre

Levels and vault maps discovered:
D:1:      minmay_arrival_diagonal_passages, layout_basic
D:2:      layout_basic
D:3:      kb_forest_paths, layout_basic, grunt_temple_overflow_open,
          serial_shops, shop
D:4:      layout_rooms, ebering_ghost_sewer_f, gup_sewer_entry_bubbles,
          kennysheep_cluttered_room, roderic_lattice_a, uniq_pikel,
          uniq_menkaure, uniq_blork_the_orc
D:5:      layout_rooms, minmay_temple_entry_trees, serial_shops,
          nicolae_shop_hallway_stairs, uniq_eustachio, uniq_ijyb
D:6:      layout_basic, grunt_temple_overflow_order_and_chaos_1,
          gammafunk_temple_overflow_elements,
          mainiacjoe_overflow_concentric_impassable, fiery_altar_vehumet,
          ebering_ghost_xom, serial_shops, nicolae_stop_n_shop_2,
          nicolae_nh_ransacked_shop
D:7:      statuecave_lemuel, layout_basic
D:8:      layout_cave_pods, nicolae_qazlal_beasts_of_the_sky
D:9:      layout_rooms, elyvilon_altar_5, hex_tiny, minmay_variable_closet
D:10:     layout_roguey, david_lair_shrubbed, minivault_7
D:11:     cheibrodos_breeding_chamber, layout_loops_ring
Lair:1:   beast_lair_carwin_large_4, layout_layer_cave, grunt_megastairs_5
Lair:2:   layout_loops_ring, minmay_shoals_entry_lonely_mermaid, basic_altar,
          hangedman_tree_tricks, dreamdust_mushroom_princess
Lair:3:   layout_gridlike, nicolae_spider_entry_lesser_pyramids,
          nzn_sisyphean_effort, serial_bayou_shore_b
Lair:4:   layout_regular_city, basic_altar, grunt_megastairs_4
Lair:5:   hellmonk_lair_end_abyssal_woods, layout_cave_pods, slime_entry_1,
          nicolae_lair_grove_arrangements

Skill      XL: |  1  2  3  4  5  6  7  8  9 10 11 12 13 14 |
---------------+-------------------------------------------+-----
Ranged Weapons | 5 6 8 9 11 13 14 16 18 19 | 19.0
Fighting       | 3 4 5 8 9 10 11 12 | 12.0
Armour         | 1 2 3 4 |  4.0
Invocations    | 2 3 4 5 9 10 | 10.0
Dodging        | 2 3 4 6 7 |  7.3
Stealth        | |  1.1

Action                     |  1- 3 |  4- 6 |  7- 9 | 10-12 | 13-15 || total
---------------------------+-------+-------+-------+-------+-------++-------
   Fire: Shortbow          |    89 |    98 |   101 |       |       ||   288
         Longbow           |       |       |   101 |   588 |   488 ||  1177
 Invoke: Heroism           |       |     1 |    10 |    17 |    10 ||    38
         Finesse           |       |       |       |     2 |     3 ||     5
    Use: Scroll            |     5 |     3 |     6 |     5 |     5 ||    24
         Potion            |       |     1 |     3 |     2 |       ||     6
 Armour: Leather armour    |    21 |     3 |    15 |   123 |    58 ||   220
         Ring mail         |       |    24 |    28 |       |       ||    52
         Robe              |       |       |     1 |       |       ||     1
  Dodge: Dodged            |    22 |    48 |    82 |   250 |   118 ||   520

Table legend:
 A = Non-vault XP
 B = Vault XP
 C = Vault XP percentage of total XP
 D = Non-vault monster count
 E = Vault monster count
 F = Vault count percentage of total count
                 A         B        C        D         E       F
            +---------+---------+-------+---------+---------+-------
      Total |   51611 |   22052 |  29.9 |     325 |     110 |  25.3
            +---------+---------+-------+---------+---------+-------
        D:1 |      27 |       0 |   0.0 |      14 |       0 |   0.0
        D:2 |      66 |       0 |   0.0 |      20 |       0 |   0.0
        D:3 |      27 |      13 |  32.5 |      13 |       6 |  31.6
        D:4 |     772 |     919 |  54.3 |      22 |       7 |  24.1
        D:5 |     235 |     244 |  50.9 |       9 |       2 |  18.2
        D:6 |     583 |     213 |  26.8 |      10 |       5 |  33.3
        D:7 |    2108 |       0 |   0.0 |      25 |       0 |   0.0
        D:8 |    2353 |     129 |   5.2 |      24 |       1 |   4.0
        D:9 |    6386 |       0 |   0.0 |      44 |       0 |   0.0
       D:10 |    3562 |    1744 |  32.9 |      15 |      19 |  55.9
       D:11 |    5637 |       0 |   0.0 |      14 |       0 |   0.0
     Lair:1 |    4235 |    4763 |  52.9 |      22 |      28 |  56.0
     Lair:2 |    3849 |    1595 |  29.3 |      17 |       3 |  15.0
     Lair:3 |    9797 |    2685 |  21.5 |      40 |       6 |  13.0
     Lair:4 |    9375 |     287 |   3.0 |      28 |       2 |   6.7
     Lair:5 |    2599 |    9460 |  78.4 |       8 |      31 |  79.5
            +---------+---------+-------+---------+---------+-------
